AoeStats
← guerras90

Arabia

510143841Analyzed
1v1 RM · 2d ago on Sep 29, 2026· 46m 25s· 2 players
Game mode
Random Map
Map size
Tiny (2 player)
Population
200
Speed
Normal
Resources
Standard
Victory
Conquest
Starting age
Dark Age
Ending age
Imperial Age
RankedLock teamsTeams togetherTeam positionsShared explorationLock speedFull tech treeHidden civsTurbo modeCheats
Victory
Defeat
🇪🇸 Spanish · Spain
845
+15
🇩🇪 Saxons · Germany
819
-15
Jochen
6:51 Loom
9:48 Feudal Age
10:35 Double-Bit Axe
13:59 Fletching
18:58 Horse Collar
21:45 Castle Age
21:57 Crossbowman
22:54 Bodkin Arrow
22:50 Gold Mining
23:15 Bow Saw
24:09 Thumb Ring
24:47 Padded Archer Armor
26:54 Leather Archer Armor
28:10 Heavy Plow
28:11 Stone Mining
29:12 Gold Shaft Mining
39:52 Scale Mail Armor
44:05 Imperial Age
guerras90
6:01 Loom
11:35 Feudal Age
18:45 Castle Age
17:16 Fletching
17:59 Man-at-Arms
21:45 Gambesons
22:51 Double-Bit Axe
24:28 Long Swordsman
26:44 Scale Mail Armor
27:49 Squires
28:01 Arson
29:42 Chain Mail Armor
29:38 Forging
30:45 Pikeman
33:09 Gold Mining
34:43 Elite Skirmisher
38:47 Imperial Age
36:29 Bodkin Arrow
37:10 Iron Casting
36:37 Padded Archer Armor
37:59 Bow Saw
39:30 Thumb Ring
41:24 Wheelbarrow
45:42 Elite Conquistador
46:45 Supremacy
45:51 Capped Ram
Connection lost

Rejoining the realm…

Still unreachable

The connection could not be restored.

Session expired

The server has moved on; the page needs a fresh start.